 Dungeon Crawl Stone Soup version 0.29-a0-837-g174bc33 (webtiles) character file.

Game seed: 8378586130054799532

41 PurpleRed the Sneak (level 3, -2/22 HPs)
             Began as a Deep Elf Brigand on July 15, 2022.
             Slain by a gnoll
             ... wielding a +0 spear
              (5 damage)
             ... on level 2 of the Dungeon.
             The game lasted 00:02:53 (321 turns).

PurpleRed the Sneak (Deep Elf Brigand)               Turns: 321, Time: 00:02:53

Health: -2/22      AC:  3    Str:  7    XL:     3   Next: 32%
Magic:  9/9        EV: 12    Int: 21    God:
Gold:   34         SH:  0    Dex: 15    Spells: 7/7 levels left

rFire   . . .      SeeInvis .   a - +2 dagger
rCold   . . .      Faith    .   (no shield)
rNeg    . . .      Spirit   .   b - +0 robe
rPois   .          Reflect  .   (no helmet)
rElec   .          Harm     .   c - +0 cloak
rCorr   .          Rampage  .   (no gloves)
Will    .....                   (no boots)
Stlth   +++.......              (no amulet)
HPRegen 0.07/turn               (no ring)
MPRegen 0.11/turn               (no ring)

@: mighty
A: clever 1
a: no special abilities


You were on level 2 of the Dungeon.
You visited 1 branch of the dungeon, and saw 3 of its levels.

You collected 34 gold pieces.

Inventory:

Hand Weapons
 a - a +2 dagger (weapon)
Missiles
 d - 8 poisoned darts (quivered)
 e - 3 curare-tipped darts
Armour
 b - a +0 robe (worn)
 c - a +0 cloak (worn)
Scrolls
 g - a scroll of summoning {unknown}
 h - a scroll of teleportation {unknown}


   Skills:
 + Level 2.4 Fighting
 - Level 2.0 Short Blades
 - Level 2.0 Throwing
 - Level 1.2 Dodging
 - Level 4.8 Stealth
 + Level 2.7 Spellcasting


You had 7 spell levels left.
You didn't know any spells.
Your spell library was empty.

Dungeon Overview and Level Annotations

Branches:
Dungeon (3/15)

Altars:


Innate Abilities, Weirdness & Mutations

Your mind is acute. (Int +4, Str/Dex -1)


Message History

Things that are here:
a +0 short sword; a stone You now have 34 gold pieces (gained 19).
There is a stone staircase leading up here.
You climb upwards.
There is a stone staircase leading down here.
Found a glowing war axe.
You open the door. 4 gnolls come into view.
Found 5 gold pieces.
The gnoll shouts! x2
The gnoll barely misses you.
There is an open door here.
The gnoll attacks as you move away! The gnoll closely misses you.
The gnoll hits you from afar with a +0 spear.
* * * LOW HITPOINT WARNING * * *
A goblin comes into view. It is wielding a +0 dagger.
The gnoll throws a throwing net.
The throwing net hits you.
You become entangled in the net!
You see here a throwing net.
You tear a large gash into the net.
You cannot throw/fire anything while held in a net.
Unknown command.
It was a potion of mutation.
You feel extremely strange. A pair of horns grows on your head!
The horns on your head shrink away.
You feel clever.
The gnoll hits you from afar with a +0 spear.
* * * LOW HITPOINT WARNING * * *
It was a potion of might.
You feel very mighty all of a sudden. The gnoll barely misses you.
It was a potion of curing.
You feel better.
The gnoll hits you from afar with a +0 spear.
* * * LOW HITPOINT WARNING * * *
You struggle against the net.
The gnoll hits you from afar with a +0 spear.
* * * LOW HITPOINT WARNING * * *
You rip the net and break free!
The gnoll hits you from afar with a +0 spear.
You die...

##### #####..g
###......###
#.......... ...
#.#.....g# .... #.#
##g##..... #.#
#.........
#.####gg##.....
######>@.ggg........
#......#.##.###.....
#.[....#.##.# ..)$
#......#.##.# #..
######)#.##.####
#.........#
###.##....#
###.#..'....# ##
...####....### .#


You could see 4 gnolls and a goblin.

Vanquished Creatures
  Jessica (D:2)
  4 endoplasms
  2 hobgoblins (D:1)
  2 ball pythons (D:1)
  2 bats
  2 kobolds
  3 rats
16 creatures vanquished.

Notes
Turn   | Place    | Note
-------+----------+-------------------------------------------
     0 | D:1      | PurpleRed the Deep Elf Brigand began the quest for the Orb.
     0 | D:1      | Reached XP level 1. HP: 12/12 MP: 3/3
    70 | D:1      | Reached skill level 1 in Spellcasting
   140 | D:1      | Reached XP level 2. HP: 16/17 MP: 6/6
   242 | D:2      | Noticed Jessica
   244 | D:2      | Killed Jessica
   245 | D:2      | Reached XP level 3. HP: 10/22 MP: 7/9
   317 | D:2      | Gained mutation: You have a pair of small horns on your
                  | head. [potion of mutation]
   317 | D:2      | Lost mutation: You have a pair of small horns on your head.
                  | [potion of mutation]
   317 | D:2      | Gained mutation: Your mind is acute. (Int +4, Str/Dex -1)
                  | [potion of mutation]
   321 | D:2      | Slain by a gnoll

Illustrated notes

Levels and vault maps discovered:
D:1:      lightli_arrival_flooded_house, layout_rooms, serial_park_tiny_2
D:2:      layout_basic, ebering_ecumenical_altar_abandoned, serial_shops, shop,
          basic_altar, uniq_jessica, uniq_robin
D:3:      layout_basic, gammafunk_ghost_abyssal_escape, palyth_stone_intersect,
          uniq_sigmund

Skill      XL: |  1  2 |
---------------+-------+-----
Spellcasting   | 1 2 |  2.7
Fighting       | 2 |  2.4
Short Blades   | |  2.0
Throwing       | |  2.0
Dodging        | |  1.2
Stealth        | |  4.8

Action                   || total
-------------------------++-------
Melee: Dagger            ||    30
Throw: Dart              ||    16
  Use: Potion            ||     3
 Stab: Sleeping          ||     1
Armor: Robe              ||    11
Dodge: Dodged            ||    24

Table legend: (Time is in decaauts)
 A = Elapsed time spent in this place.
 B = Non-inter-level travel time spent in this place.
 C = Inter-level travel time spent in this place.
 D = Time resting spent in this place.
 E = Time spent auto-exploring this place.
 F = Levels seen in this place.
 G = Mean time per level.
                   A        B        C        D        E       F      G
               +--------+--------+--------+--------+--------+-----+--------+
         Total |    316 |    316 |      0 |      0 |      0 |   3 |  105.3 |
       Dungeon |    316 |    316 |      0 |      0 |      0 |   3 |  105.3 |
               +--------+--------+--------+--------+--------+-----+--------+

Top non-repeatable levels by time:
     D:1: 200 daAuts
     D:2: 84 daAuts
     D:3: 31 daAuts
